Map: Ultralove

Players

ManlyManMeat - Winner!

  • Race: Zerg Zerg
  • League: Master
  • Spawn Location: 1:00

ubergosu

  • Race: Protoss Protoss
  • League: Platinum
  • Spawn Location: 7:00

VOD

Have the link to the VOD?

Description

Time

  • Played on: June 18, 2025, 11:50 a.m.
  • Length: 25:57
Show
View Real Time Build Order
Export as new Build Order

ManlyManMeat Zerg - Winner!

Build Orders: Hatch First 

Get SALT Encoding   

  12  0:00  Drone  
  13  0:12  Overlord  
  13  0:19  Drone  
  14  0:30  Drone  
  14  0:31  Drone  
  16  0:38  Drone  
  17  0:53  Hatchery  
  17  0:55  Drone  
  17  1:02  Drone  
  18  1:13  Spawning Pool  
  18  1:16  Extractor  
  16  1:24  Drone  
  16  1:25  Drone  
  18  1:35  Drone  
  18  1:39  Drone  
  20  1:59  Queen  
  22  2:06  Zergling x4, Queen  
  26  2:15  Overlord  
  26  2:24  Drone x2  
  28  2:34  Drone x2  
  28  2:35  Drone  
  31  2:48  Hatchery  
  30  2:53  Queen  
  30  2:56  Drone  
  33  2:59  Drone  
  34  3:06  Zergling x4  
  34  3:08  Overlord  
  36  3:18  Overlord  
  36  3:20  Overlord  
  36  3:31  Drone x3  
  36  3:32  Drone x3  
  42  3:35  Metabolic Boost  
  42  3:50  Queen  
  42  3:51  Queen  
  46  4:06  Drone x3  
  49  4:10  Extractor  
  49  4:14  Baneling Nest  
  47  4:17  Drone x2  
  47  4:18  Drone x4, Evolution Chamber  
  47  4:19  Evolution Chamber  
  47  4:22  Drone  
  52  4:35  Spore Crawler  
  52  4:37  Spore Crawler  
  48  4:52  Overlord  
  48  4:53  Drone x6  
  48  4:54  Drone  
  48  4:55  Zergling x4  
  57  5:05  Lair  
  57  5:06  Zerg Melee Weapons Level 1, Zerg Ground Armor Level 1  
  57  5:11  Drone x2, Extractor x2  
  57  5:12  Drone  
  58  5:31  Zergling x16  
  66  5:37  Overlord  
  66  5:38  Overlord  
  66  5:47  Overlord x2  
  66  5:50  Pneumatized Carapace  
  66  6:01  Zergling x2  
  66  6:02  Zergling x14  
  66  6:04  Overlord x3  
  74  6:05  Overlord  
  74  6:26  Overseer  
  74  6:27  Overseer  
  74  6:31  Zergling x16  
  82  6:46  Spore Crawler  
  81  6:48  Spore Crawler x2  
  81  6:49  Spore Crawler  
  81  6:50  Drone x5  
  81  6:52  Drone x3  
  87  6:54  Drone x3  
  87  6:58  Drone  
  87  6:59  Zergling x2  
  91  7:02  Baneling x11  
  91  7:06  Zerg Melee Weapons Level 2  
  91  7:10  Centrifugal Hooks  
  91  7:20  Zergling x2  
  92  7:26  Hatchery  
  91  7:46  Zergling x20  
  84  8:11  Zergling x2  
  84  8:12  Zergling x12  
  81  8:17  Overseer  
  77  8:23  Hatchery x2  
  77  8:24  Hatchery  
  74  8:39  Zerg Ground Armor Level 2  
  74  8:42  Zergling x18  
  82  8:58  Baneling x11  
  82  8:59  Zergling x20  
  92  9:04  Zergling x4  
  94  9:18  Zergling x2  
  94  9:19  Zergling x10  
  94  9:22  Queen  
  94  9:44  Zergling x26  
  107  10:00  Zergling x30  
  109  10:19  Zergling x26  
  110  10:31  Zergling x8  
  110  10:32  Zergling x16  
  119  10:50  Baneling x12  
  119  10:51  Zergling x22  
  119  10:53  Baneling x8  
  130  11:16  Overlord  
  130  11:17  Overlord x7  
  130  11:34  Queen  
  132  11:44  Zergling x20  
  132  11:45  Zergling x8  
  105  12:36  Hydralisk Den  
  86  12:43  Hatchery  
  74  12:45  Zergling x20, Hatchery  
  74  12:46  Zergling x14  
  74  12:47  Hatchery  
  89  12:55  Zergling x10  
  94  13:13  Zergling x18  
  94  13:14  Zergling x4  
  92  13:51  Zergling x30  
  96  14:08  Drone x6  
  102  14:13  Drone  
Show
View Real Time Build Order
Export as new Build Order

ubergosu Protoss 

Build Orders: Oracle Opening 

Get SALT Encoding   

  12  0:00  Probe  
  13  0:12  Probe  
  14  0:21  Pylon  
  14  0:25  Probe  
  15  0:37  Probe  
  16  0:43  Gateway  
  16  0:45  Probe  
  16  0:47  Assimilator  
  17  0:54  Probe  
  18  1:06  Probe  
  19  1:18  Probe  
  20  1:20  Assimilator  
  20  1:30  Probe  
  21  1:42  Probe  
  21  1:45  Nexus  
  22  1:54  Cybernetics Core  
  22  1:56  Probe  
  23  2:16  Pylon  
  23  2:26  Gateway  
  23  2:32  Zealot  
  23  2:34  Probe  
  24  2:37  Shield Battery  
  24  2:41  Warp Gate  
  25  2:46  Probe  
  25  2:50  Stargate  
  25  3:01  Probe x2  
  25  3:04  Stalker  
  27  3:10  Stalker  
  31  3:22  Probe  
  31  3:23  Probe  
  31  3:26  Oracle  
  33  3:34  Probe  
  33  3:40  Probe  
  38  3:47  Probe  
  39  3:53  Probe  
  40  4:00  Adept  
  40  4:01  Adept  
  44  4:11  Probe  
  44  4:12  Probe  
  46  4:19  Robotics Facility  
  46  4:21  Gateway  
  46  4:23  Gateway  
  46  4:43  Probe x2  
  45  4:54  Pylon  
  45  4:56  Pylon, Probe  
  45  4:59  Pylon  
  46  5:00  Assimilator  
  46  5:02  Assimilator  
  46  5:12  Probe x2  
  52  5:15  Immortal  
  52  5:18  Void Ray  
  52  5:21  Stalker x2  
  58  5:22  Pylon  
  58  5:26  Pylon  
  58  5:27  Sentry  
  62  5:28  Probe  
  62  5:29  Probe  
  64  5:41  Probe x2  
  65  6:02  Immortal  
  69  6:24  Nexus  
  69  6:25  Pylon, Robotics Bay  
  69  6:29  Robotics Facility  
  69  6:32  Pylon  
  69  6:35  Gateway  
  69  6:36  Gateway  
  69  6:38  Probe x2  
  69  6:39  Twilight Council  
  71  6:41  Forge  
  71  6:59  Zealot x3  
  71  7:00  Zealot  
  79  7:23  Extended Thermal Lance  
  79  7:27  Probe x2  
  81  7:31  Colossus x2  
  81  7:39  Probe x2  
  83  8:07  Zealot  
  83  8:09  Zealot  
  79  8:13  Zealot  
  79  8:14  Zealot x2  
  85  8:22  Nexus  
  85  8:24  Nexus  
  85  8:34  Zealot  
  85  8:35  Zealot x3  
  93  8:43  Pylon  
  93  8:44  Pylon  
  93  8:46  Pylon  
  92  9:13  Zealot x4  
  100  9:31  Protoss Ground Weapons Level 1  
  100  9:33  Charge  
  94  9:46  Observer x2  
  94  9:47  Pylon  
  94  9:51  Probe  
  94  9:52  Probe  
  98  9:59  Pylon  
  98  10:00  Zealot x6  
  98  10:03  Probe, Assimilator  
  98  10:04  Colossus x2  
  78  10:25  Zealot x3  
  78  10:26  Zealot x3  
  88  10:49  Dark Shrine  
  92  11:02  Void Ray  
  92  11:07  Sentry x2  
  92  11:08  Sentry x2  
  92  11:09  Zealot  
  92  11:11  Adept  
  104  11:25  Nexus  
  104  11:30  Pylon  
  104  11:33  Pylon  
  104  11:37  Probe x2  
  106  11:45  Pylon  
  106  11:47  Shield Battery  
  106  11:49  Probe x2  
  106  11:50  Pylon  
  108  11:57  Gateway  
  108  12:01  Gateway, Probe  
  95  12:09  Pylon x2  
  45  12:46  Dark Templar  
  45  12:47  Dark Templar  
  49  13:09  Probe  
Tags
 
Add a new tag
Caveats
  • Supply blocks, unpowered buildings, or Contaminate may cause inaccurate times.
  • Supply counts are checked every 10 seconds.